 Dungeon Crawl Stone Soup version 0.17.0-7-gfadd4cc (console) character file.

142 gw the Cutter (level 5, 0/32 HPs)
             Began as a Deep Elf Abyssal Knight on Nov 8, 2015.
             Was a Believer of Lugonu.
             Slain by gw's ghost (2 damage)
             ... on level 3 of the Dungeon.
             The game lasted 00:03:42 (3829 turns).

gw the Cutter (Deep Elf Abyssal Knight)             Turns: 3829, Time: 00:03:42

Health: 0/32       AC: 18    Str:  9    XL:     5   Next: 3%
Magic:  9/9        EV:  1    Int: 17    God:    Lugonu [**....]
Gold:   183        SH:  0    Dex: 15    Spells: 0 memorised, 4 levels left

rFire  . . .     SeeInvis .     a - +1 short sword
rCold  . . .     Clarity  .     b - +4 plate armour
rNeg   . . .     SustAt   .     (no shield)
rPois  .         Gourm    .     (no helmet)
rElec  .         Spirit   .     f - +1 cloak
rCorr  .         Warding  .     d - +0 pair of gloves
rMut   .         Stasis   .     (no boots)
MR     .....                    (no amulet)
Stlth  ..........               (no ring)
                                (no ring)

@: not resistant to hostile enchantments, extremely unstealthy
A: no striking features
a: Depart the Abyss, Bend Space, Renounce Religion


You were on level 3 of the Dungeon.
You worshipped Lugonu.
Lugonu was pleased with you.
You were not hungry.

You visited 1 branch of the dungeon, and saw 3 of its levels.
You visited the Abyss 1 time.

You collected 183 gold pieces.

Inventory:

Hand Weapons
 a - a +1 short sword (weapon)
Missiles
 e - 30 arrows
Armour
 b - a +4 plate armour (worn)
 d - a +0 pair of gloves (worn)
 f - a +1 cloak (worn)
Comestibles
 c - 2 bread rations


   Skills:
 + Level 3.0 Fighting
 * Level 3.3 Short Blades
 + Level 1.9 Armour
 - Level 2.4 Dodging
 + Level 3.3 Invocations


You had 4 spell levels left.
You didn't know any spells.

Dungeon Overview and Level Annotations

Branches:
Dungeon (3/15)

Altars:
Ashenzari
Gozag

Annotations:
D:2 exclusion: downstairs
D:3 gw's ghost, amateur VSGl


Message History

The stone hits you but does no damage.
An orc comes into view. It is wielding a hand axe.
Unknown command.
Unknown command.
Unknown command.
Unknown command.
ATTACK MOVE TO (1,0)
You hit gw's ghost.
Gw's ghost is severely damaged.
Gw's ghost hits you but does no damage.
The orc moves out of view.
The goblin throws a stone.
The stone hits you but does no damage.
Unknown command.
Unknown command.
Unknown command.
Unknown command.
ATTACK MOVE TO (1,0)
You hit gw's ghost but do no damage.
Gw's ghost is severely damaged.
Gw's ghost hits you.
You die...

##.####.# #.# #.# ##.##
#)### #...# #.(.# #...#
###(## #...### #...$...#
#......
#.####..######....##
#.####..#..$.(......
#..eWK..............
#.###'###..?.....<..
...g##~~.~~##.#.#.....#
##.##~..P..~##..#......
#.#~.P.8.P.~#..#...#.#
...#~.......~#..#...#.#
..#.'.P}...}P.'....?...#
#.#.#~.......~#.......##
....#..


You could see gw's ghost, a goblin and a kobold.

Table legend:
 A = Turns spent in this place as a percentage of turns spent in the entire game.
 B = Non-inter-level travel turns spent in this place as a percentage of non-inter-level travel turns spent in the entire game.
 C = Inter-level travel turns spent in this place as a percentage of turns spent in this place.
 D = Turns resting spent in this place as a percentage of non-inter-level travel turns spent in this place.
 E = Turns spent auto-exploring this place as a percentage of non-inter-level travel turns spent in this place.
 F = Non-inter-level travel turns spent in this place divided by the number of levels of this place that you've seen.
                   A       B       C       D       E      F
               +-------+-------+-------+-------+-------+----------------------
         Total | 100.0 | 100.0 |   0.6 |   1.2 |   1.9 | 1342.5
       Dungeon |  97.9 |  97.9 |   0.6 |   1.2 |   1.8 | 1752.7
         Abyss |   2.1 |   2.1 |   0.0 |   0.0 |   6.2 | 112.0
               +-------+-------+-------+-------+-------+----------------------

Table legend:
 A = Kills in this place as a percentage of kills in entire the game.
 B = Kills by you in this place as a percentage of kills by you in the entire game.
 C = Kills by friends in this place as a percentage of kills by friends in the entire game.
 D = Other kills in this place as a percentage of other kills in the entire game.
 E = Experience gained in this place as a percentage of experience gained in the entire game.
 F = Experience gained in this place divided by the number of levels of this place that you have seen.
                   A       B       C       D       E      F
               +-------+-------+-------+-------+-------+----------------------
         Total | 100.0 | 100.0 |  -nan |  -nan | 100.0 |  50.8
       Dungeon | 100.0 | 100.0 |  -nan |  -nan | 100.0 |  67.7
               +-------+-------+-------+-------+-------+----------------------

Vanquished Creatures
  A hound (D:3)
  4 adders
  An ooze (D:1)
  2 worms
  2 giant geckos
  3 orcs (D:3)
  3 giant cockroaches
  4 goblins
  13 hobgoblins
  6 jackals
  A quokka (D:2)
  A ball python (D:2)
  5 bats
  2 giant newts
  4 kobolds
  9 rats
61 creatures vanquished.

Notes
Turn   | Place    | Note
--------------------------------------------------------------
     0 | Abyss:1  | gw the Deep Elf Abyssal Knight began the quest for the Orb.
     0 | Abyss:1  | Reached XP level 1. HP: 13/13 MP: 4/4
   120 | Abyss:1  | Noticed an efreet
   120 | D:1      | Escaped the Abyss
   185 | D:1      | Reached * piety under Lugonu
   185 | D:1      | Reached skill level 1 in Armour
   185 | D:1      | Reached XP level 2. HP: 6/18 MP: 5/5
   801 | D:1      | Found a shattered altar of Ashenzari.
  1202 | D:1      | Reached XP level 3. HP: 9/22 MP: 6/6
  1967 | D:2      | Found an opulent altar of Gozag.
  2258 | D:2      | Reached XP level 4. HP: 22/27 MP: 8/8
  2261 | D:2      | Reached ** piety under Lugonu
  2486 | D:2      | Reached skill level 3 in Short Blades
  3079 | D:3      | Noticed gw's ghost (amateur VSGl)
  3576 | D:3      | Reached XP level 5. HP: 18/32 MP: 9/9
  3829 | D:3      | Slain by gw's ghost

Action                   |  1- 3 |  4- 6 || total
-------------------------+-------+-------++-------
Melee: Short sword       |   204 |   160 ||   364
Invok: Depart the Abyss  |     1 |       ||     1
  Eat: Chunk             |     5 |     5 ||    10

Vault maps used:
D:1:      dpeg_arrival_rhombus, st_stairs_13, minmay_misc_feat_columns,
          evilmike_ruin_ashenzari
D:2:      nicolae_gozag_seed_capital
D:3:      hangedman_glass_garden, tso_metal_star
